 Dungeon Crawl Stone Soup version 0.16.1-4-g8e1b745 (webtiles) character file.

84 graspee the Chucker (level 4, -1/26 HPs)
             Began as a Kobold Hunter on Mar 26, 2015.
             Slain by a goliath beetle (25 damage)
             ... on level 4 of the Dungeon.
             The game lasted 00:18:16 (1302 turns).

graspee the Chucker (Kobold Hunter)                 Turns: 1302, Time: 00:18:16

Health: -1/26      AC: 11    Str: 10    XL:     4   Next: 74%
Magic:  4/4        EV: 11    Int:  9    God:
Gold:   143        SH:  0    Dex: 17    Spells: 0 memorised, 3 levels left

rFire  . . .     SeeInvis .     m - +1 trident (protect)
rCold  . . .     Clarity  .     l - +0 scale mail
rNeg   . . .     SustAb   .     (no shield)
rPois  .         Gourm    .     (no helmet)
rElec  .         Spirit   .     (no cloak)
rCorr  .         Warding  .     (no gloves)
rMut   .         Stasis   .     (no boots)
MR     .....                    (no amulet)
Stlth  +.........               (no ring)
                                (no ring)

@: lethally poisoned (-1 -> -9), not resistant to hostile enchantments, very
unstealthy
A: carnivore 3
a: no special abilities


You were on level 4 of the Dungeon.
You were full.

You visited 1 branch of the dungeon, and saw 4 of its levels.

You collected 143 gold pieces.

Inventory:

Hand weapons
 a - a +0 short sword
 b - a +0 mace
 e - a +0 spear
 h - a +0 club
 j - a +0 short sword
 m - a +1 trident of protection (weapon)
 n - a +0 whip
 p - a +0 club
 r - a +0 club
 u - a +0 morningstar
 E - a +0 flail
 F - a +0 trident
 H - a +0 dagger
Missiles
 i - 72 stones (quivered)
 k - 8 poisoned needles
 o - 24 arrows
 w - 18 bolts
Armour
 d - a +0 leather armour
 l - a +0 scale mail (worn)
 v - a +0 robe
 A - a +0 leather armour
 B - a +0 ring mail
 C - a +0 ring mail
 D - a +0 chain mail
 G - a +0 scale mail
Scrolls
 s - a scroll of identify {unknown}
 y - 2 scrolls of fog {unknown}
Comestibles
 f - 2 meat rations
 g - 5 fruits
 t - a beef jerky
 z - a bread ration


   Skills:
 + Level 2.2 Fighting
 + Level 7.2 Throwing
 + Level 1.0 Armour
 + Level 2.6 Dodging
 + Level 1.3 Stealth


You had 3 spell levels left.
You didn't know any spells.

Dungeon Overview and Level Annotations

Branches:
Dungeon (4/15)
 Temple: D:4-7

Altars:
Kikubaaqudgha
Xom

Annotations:
D:2 1 runed door
D:4 RobertPalmer's ghost, average OpWr


Innate Abilities, Weirdness & Mutations

You are small and have problems with some larger weapons.
You are carnivorous and can eat meat at any time.


Message History

You hit the goliath beetle but do no damage.
You feel sick. The goliath beetle barely misses you.
Your scale mail prevents you from hitting the goliath beetle.
You feel sick. The goliath beetle bites you!
You hit the goliath beetle.
The goliath beetle is lightly wounded.
You feel sick.
As you read the scroll labeled SKOMMU PIR, it crumbles to dust.
It is a scroll of enchant weapon.
Enchant which weapon? (? for menu, Esc to quit)
Your +0 trident of protection glows red for a moment.
You feel sick. The goliath beetle bites you.
* * * LOW HITPOINT WARNING * * *
Your scale mail prevents you from hitting the goliath beetle.
The goliath beetle is lightly wounded.
* * * LOW HITPOINT WARNING * * *
You feel sick.
You feel much better. The goliath beetle bites you!!
Ouch! That really hurt!
You die...

...# . . ..... .#..
...... #### .... .......
#####..###... ..".....
#............ ........
##.##..(.#....
..(.....###..##.........
...)....#....##....#.....
#(((B@.#####.#........
##.?#### #....####...
.... #...###....† .#..
#....###...... ...
...##.....<.... ..
#.....##....... .... ...
#.<..... #... ## ##......
#..# . ##....#


You could see a goliath beetle.

Vanquished Creatures
  A worker ant (D:4)
  2 adders
  A giant mite (D:2)
  5 orcs (D:3)
  5 bats
  2 giant cockroaches
  3 hobgoblins
  2 giant geckos (D:2)
  3 giant newts
  4 goblins
  2 kobolds
  A quokka (D:3)
  2 rats
33 creatures vanquished.

Notes
Turn   | Place    | Note
--------------------------------------------------------------
     0 | D:1      | graspee, the Kobold Hunter, began the quest for the Orb.
     0 | D:1      | Reached XP level 1. HP: 12/12 MP: 1/1
   215 | D:1      | Reached XP level 2. HP: 15/17 MP: 2/2
   296 | D:2      | Reached skill level 6 in Throwing
   311 | D:2      | Reached XP level 3. HP: 11/21 MP: 3/3
   681 | D:2      | Found a shimmering altar of Xom.
   681 | D:2      | Found a runed door.
   854 | D:3      | Found an ancient bone altar of Kikubaaqudgha.
   973 | D:3      | Reached XP level 4. HP: 26/26 MP: 4/4
  1201 | D:4      | Noticed RobertPalmer's ghost (average OpWr)
  1222 | D:4      | Reached skill level 7 in Throwing
  1222 | D:4      | Reached skill level 1 in Armour
  1302 | D:4      | Slain by a goliath beetle

Action                   |  1- 3 |  4- 6 || total
-------------------------+-------+-------++-------
Melee: Short sword       |    13 |       ||    13
       Trident           |       |    21 ||    21
Throw: Tomahawk          |    49 |    15 ||    64
       Stone             |     5 |    14 ||    19
       Throwing net      |     2 |     5 ||     7
  Use: Potion            |       |     4 ||     4
       Scroll            |       |     1 ||     1
  Eat: Meat ration       |       |     1 ||     1
